 Dungeon Crawl Stone Soup version 0.24-a0-139-geb6712d (webtiles) character file.

Game seed: 16547021169995700389

68 Anon1729 the Ducker (level 4, 0/31 HPs)
             Began as an Octopode Fighter on Mar 2, 2019.
             Slain by an ice beast (5 damage)
             ... on level 2 of the Dungeon.
             The game lasted 00:01:33 (997 turns).

Anon1729 the Ducker (Octopode Fighter)               Turns: 997, Time: 00:01:34

Health: 0/31       AC:  1    Str: 20    XL:     4   Next: 19%
Magic:  13/13      EV: 12    Int: 11    God:
Gold:   59         SH:  9    Dex: 11    Spells: 3/3 levels left

rFire    . . .     SeeInvis .     - Unarmed
rCold    . . .     Gourm    .   a - +0 shield
rNeg     . . .     Faith    .   (helmet restricted)
rPois    .         Spirit   .   (no amulet)
rElec    .         Reflect  .   e - ring of magical power
rCorr    .         Harm     .   (no ring)
MR       .....                  (no ring)
Stlth    +++.......             (no ring)
HPRegen  0.10/turn              (no ring)
MPRegen  0.13/turn              (no ring)
                                (no ring)
                                (no ring)

@: mighty, lethally poisoned (0 -> -2)
A: almost no armour, stealthy swim, amphibious, 8 rings, constrict 8, camouflage
1, gelatinous body 1
a: no special abilities


You were on level 2 of the Dungeon.
You were not hungry.

You visited 1 branch of the dungeon, and saw 2 of its levels.

You collected 59 gold pieces.

Inventory:

Armour
 a - a +0 shield (worn)
Jewellery
 e - a ring of magical power (left tentacle)
Scrolls
 h - 2 scrolls of immolation {unknown}
Potions
 d - 2 potions of mutation {unknown}
 g - a potion of lignification {unknown}
 i - a potion of heal wounds {unknown}
Comestibles
 c - 2 rations
 f - 9 chunks of flesh


   Skills:
 + Level 3.4 Fighting
 + Level 3.5 Dodging
 + Level 1.8 Stealth
 + Level 3.4 Shields
 + Level 2.6 Unarmed Combat


You had 3 spell levels left.
You didn't know any spells.
Your spell library was empty.

Dungeon Overview and Level Annotations

Branches:
Dungeon (2/15)

Altars:


Innate Abilities, Weirdness & Mutations

You cannot wear most types of armour.
You are very stealthy in the water. (Stealth+)
You are amphibious.
You can wear up to eight rings at the same time.
You can use your tentacles to constrict eight enemies at once.
Your skin changes colour to match your surroundings (Stealth+).
Your rubbery body absorbs attacks. (AC +1, EV +1)


Message History

* * * LOW HITPOINT WARNING * * *
You see here an adder corpse.
You are too injured to fight recklessly!
You are too injured to fight recklessly!
You are too injured to fight recklessly!
You tentacle-slap the ice beast.
The ice beast is moderately wounded.
You feel sick. The ice beast misses you.
You barely miss the ice beast. You squeeze the ice beast!
The ice beast is severely wounded.
You block the ice beast's attack.
You barely miss the ice beast.
The ice beast is severely wounded.
You block the ice beast's attack.
You barely miss the ice beast.
The ice beast is severely wounded.
You feel sick. The ice beast hits you.
* * * LOW HITPOINT WARNING * * *
The ice beast freezes you.
You die...

#..# #. #..## #.# #....
#.# ##.## #.# #.#
#####.# ##########.#
.....# #....รท.....#
######..#####.##########
.......Y@)....#
#####..####### #.!# #..#
#... #.## #. #. ##


You could see an ice beast.

Vanquished Creatures
  2 adders (D:2)
  4 dart slugs
  A giant cockroach (D:2)
  4 goblins (D:1)
  7 hobgoblins
  7 jackals (D:2)
  4 bats (D:1)
  2 frilled lizards (D:1)
  3 kobolds
  5 rats (D:1)
39 creatures vanquished.

Notes
Turn   | Place    | Note
-------+----------+-------------------------------------------
     0 | D:1      | Anon1729 the Octopode Fighter began the quest for the Orb.
     0 | D:1      | Reached XP level 1. HP: 16/16 MP: 1/1
    87 | D:1      | Reached XP level 2. HP: 21/21 MP: 2/2
   615 | D:1      | Reached XP level 3. HP: 26/26 MP: 3/3
   758 | D:1      | Reached skill level 1 in Stealth
   968 | D:2      | Reached XP level 4. HP: 27/31 MP: 4/4
   986 | D:2      | Noticed an ice beast
   997 | D:2      | Slain by an ice beast

Levels and vault maps discovered:
D:1:      shiori_arrival_oz, layout_loops_ring
D:2:      layout_loops_ring, yredelemnul_forgotten_temple_becter

Skill      XL: |  1  2  3 |
---------------+----------+-----
Stealth        | 1 |  1.8
Fighting       | |  3.4
Dodging        | |  3.5
Shields        | |  3.4
Unarmed Combat | |  2.6

Action                   |  1- 3 |  4- 6 || total
-------------------------+-------+-------++-------
Melee: Unarmed           |    80 |    13 ||    93
       Constrict         |    25 |     2 ||    27
       Tentacles         |    21 |     1 ||    22
       Punch             |     1 |       ||     1
  Use: Potion            |       |     1 ||     1
 Stab: Sleeping          |     6 |       ||     6
       Distracted        |       |     1 ||     1
Armor: Skin              |     4 |       ||     4
Dodge: Dodged            |    42 |     7 ||    49
Block: Shield            |    20 |     4 ||    24

Table legend:
 A = Non-vault XP
 B = Vault XP
 C = Vault XP percentage of total XP
 D = Non-vault monster count
 E = Vault monster count
 F = Vault count percentage of total count
                 A         B        C        D         E       F
            +---------+---------+-------+---------+---------+-------
      Total |      96 |       2 |   2.0 |      38 |       1 |   2.6
            +---------+---------+-------+---------+---------+-------
        D:1 |      41 |       2 |   4.7 |      22 |       1 |   4.3
        D:2 |      55 |       0 |   0.0 |      16 |       0 |   0.0
            +---------+---------+-------+---------+---------+-------
